 Dungeon Crawl Stone Soup version 0.13-a0-2244-g236abbe (webtiles) character file.

854 Kae the Cleaver (level 7, -6/59 HPs)
             Began as a Hill Orc Fighter on July 5, 2013.
             Mangled by Crazy Yiuf
             ... wielding a +2,+4 quarterstaff of chaos
              (9 damage)
             ... while paralysed by it
             ... on Level 5 of the Dungeon.
             The game lasted 00:05:10 (3887 turns).

Kae the Cleaver (Hill Orc Fighter)                  Turns: 3887, Time: 00:05:10

HP  -6/59        AC 14     Str 21      XL: 7   Next: 55%
MP   6/6         EV  2     Int  8      God:
Gold 198         SH  0     Dex 10      Spells:  0 memorised,  6 levels left

Res.Fire  : . . .   See Invis. : .   a - +1,+2 orc hand axe {=f}
Res.Cold  : . . .   Warding    : .   b - +0 orc scale mail
Life Prot.: . . .   Conserve   : .   c - +0 orc shield
Res.Poison: .       Res.Corr.  : .   t - +2 dwarf spiked helmet
Res.Elec. : .       Clarity    : .   j - +2 elf cloak
Sust.Abil.: . .     Spirit.Shd : .   (no gloves)
Res.Mut.  : .       Stasis     : .   g - +0 pair of boots
Res.Rott. : .       Flight     : .   (no amulet)
Saprovore : + . .                    (no ring)
                                     (no ring)

@: paralysed, slightly resistant to hostile enchantments, extremely unstealthy
A: saprovore 1
a: no special abilities


You were on level 5 of the Dungeon.
You were not hungry.

You visited 1 branch of the dungeon, and saw 5 of its levels.
You also visited: Sewer.

You collected 178 gold pieces.

Inventory:

Hand weapons
 a - a +1,+2 orcish hand axe (weapon) {=f}
Armour
 b - a +0 orcish scale mail (worn)
 c - a +0 orcish shield (worn)
 g - a +0 pair of boots (worn)
 j - a +2 elven cloak (worn)
 t - a +2 dwarven spiked helmet (worn)
Comestibles
 d - a meat ration
 m - a cheese
 r - a chunk of human flesh
 s - 2 bread rations
 v - a royal jelly
Scrolls
 o - a scroll of remove curse {unknown}
 p - a scroll of noise
Jewellery
 n - a +4,+3 ring of slaying {unknown}
 w - an uncursed ring of ice
Potions
 e - a potion of mutation
 h - 7 potions of curing
 i - a potion of paralysis
 k - a potion of magic
 l - a potion of heal wounds
 q - 2 potions of flight
 x - 2 potions of restore abilities


   Skills:
 - Level 3.6 Fighting
 + Level 10.5 Axes
 - Level 3.2 Armour
 - Level 3.2 Shields


You had 6 spell levels left.
You didn't know any spells.

Dungeon Overview and Level Annotations

Branches:
Dungeon (5/27)
 Temple: D:4-7

Altars:

Annotations
D:5 Crazy Yiuf; Grabo's ghost, average DrTm; Pikel


Innate Abilities, Weirdness & Mutations

You can tolerate rotten meat.


Message History

Your scale mail prevents you from hitting it.
You block its attack.
You hit it. You hit it. You block its attack.
You hit it but do no damage. It hits you.
You are electrocuted!
You hit it. It hits you!
You suddenly lose the ability to move!
It hits you. It burns you. It hits you but does no damage. It hits you!
* * * LOW HITPOINT WARNING * * *
It freezes you.
* * * LOW HITPOINT WARNING * * *
It hits you.
* * * LOW HITPOINT WARNING * * *
It hits you.
* * * LOW HITPOINT WARNING * * *
It freezes you.
* * * LOW HITPOINT WARNING * * *
It hits you!
You die...

##..#####
##....##
♣♣....♣♣
♣♣♣...♣♣
♣♣♣♣.♣♣♣
♣♣♣♣.♣♣
♣♣♣.♣♣♣
♣♣♣.♣♣♣
♣♣@♣♣♣
##.##♣
.p. #...#
#)..#
#####


You could see Grabo's ghost.

Vanquished Creatures
  2 slaves (D:4)
  A big kobold (Sewer)
  A giant frog skeleton (D:4)
  A crocodile skeleton (D:3)
  An ogre skeleton (D:4)
  3 hounds (D:4)
  2 worker ants (D:4)
  3 orc wizards
  A big fish (Sewer)
  Jessica (D:3)
  5 adders
  A green rat (D:4)
  A giant mite (D:4)
  2 worms (D:3)
  7 grey rats
  3 giant geckos
  An ooze (D:3)
  12 orcs
  3 ball pythons
  4 giant cockroaches
  6 goblins
  7 hobgoblins
  8 jackals
  3 quokkas
  5 bats
  A giant newt (D:4)
  8 kobolds
  31 rats
124 creatures vanquished.

Notes
Turn   | Place    | Note
--------------------------------------------------------------
     0 | D:1      | Kae, the Hill Orc Fighter, began the quest for the Orb.
     0 | D:1      | Reached XP level 1. HP: 19/19 MP: 0/0
   452 | D:1      | Reached XP level 2. HP: 26/26 MP: 1/1
   560 | D:1      | Reached skill level 4 in Axes
   907 | D:2      | Reached XP level 3. HP: 30/33 MP: 2/2
   977 | D:2      | Reached skill level 5 in Axes
  1154 | D:2      | Reached XP level 4. HP: 37/39 MP: 3/3
  1260 | D:2      | Reached skill level 6 in Axes
  1728 | D:3      | Noticed Jessica
  1730 | D:3      | Killed Jessica
  1730 | D:3      | Reached XP level 5. HP: 36/46 MP: 4/4
  1829 | D:3      | Reached skill level 7 in Axes
  2347 | D:3      | Reached skill level 8 in Axes
  2380 | D:3      | Reached XP level 6. HP: 52/52 MP: 5/5
  2693 | D:4      | Found a glowing drain.
  2699 | D:4      | Reached skill level 9 in Axes
  2780 | Sewer    | Entered a sewer
  3104 | Sewer    | Reached XP level 7. HP: 56/59 MP: 6/6
  3121 | Sewer    | Found a glowing silver altar of Zin.
  3262 | D:4      | Reached skill level 10 in Axes
  3735 | D:5      | Entered Level 5 of the Dungeon
  3735 | D:5      | Noticed Pikel
  3869 | D:5      | Noticed Crazy Yiuf
  3870 | D:5      | Noticed Grabo's ghost (average DrTm)
  3880 | D:5      | Paralysed by it for 7 turns
  3887 | D:5      | Mangled by Crazy Yiuf

Action                   |  1- 3 |  4- 6 |  7- 9 || total
-------------------------+-------+-------+-------++-------
Melee: Hand axe          |   118 |   249 |   113 ||   480
  Use: Scroll            |       |     9 |     4 ||    13
       Potion            |       |       |     3 ||     3
